 Dungeon Crawl Stone Soup version 0.29.1-12-g30fa7ad0bf (webtiles) character file.

Game seed: 10358522155587668470

39132 112233 the Spry (level 13, -8/65 HPs)
             Began as a Felid Earth Elementalist on Dec 20, 2022.
             Was a High Priest of Vehumet.
             Shot with an arrow by a deep elf archer (28 damage)
             ... on level 1 of the Elven Halls.
             The game lasted 00:49:10 (43715 turns).

112233 the Spry (Felid Earth Elementalist)         Turns: 43715, Time: 00:49:11

Health: -8/65      AC:  3    Str:  7    XL:     13   Next: 67%
Magic:  5/31       EV: 25    Int: 24    God:    Vehumet [*****.]
Gold:   3101       SH:  5    Dex: 12    Spells: 0/38 levels left
                                        Lives:  0   Deaths: 2

rFire   + . .      SeeInvis +   (weapon unavailable)
rCold   + + .      Faith    .   (shield unavailable)
rNeg    + . .      Spirit   .   (body armour unavailable)
rPois   .          Reflect  +   (helmet unavailable)
rElec   .          Harm     .   (cloak unavailable)
rCorr   .          Rampage  .   (gloves unavailable)
Will    +....                   (boots unavailable)
Stlth   ++........              c - amulet of Hani Qenn {Reflect rN+ Regen+ Str+3 Dex-5 SH+5}
HPRegen 1.00/turn               l - ring of protection from fire
MPRegen 0.22/turn               J - ring of protection from cold

@: quick
A: very small, claws 1, fangs 3, see invisible, speed 1, shaggy fur 3, stealthy
paws, no weapons or thrown items, no armour, multi-lived
a: Renounce Religion


You were on level 1 of the Elven Halls.
You worshipped Vehumet.
Vehumet was extremely pleased with you.
You visited 5 branches of the dungeon, and saw 24 of its levels.

You collected 3101 gold pieces.

Inventory:

Jewellery
 a - a ring of ice
 c - the amulet of Hani Qenn (around neck) {Reflect rN+ Regen+ Str+3 Dex-5 SH+5}
   (You acquired it on level 2 of the Lair of Beasts)

   [amulet of reflection]

   It reflects blocked missile attacks.
   Str:       It affects your strength (+3).
   Dex:       It affects your dexterity (-5).
   rN:        It protects you from negative energy.
   Regen:     It increases your rate of health regeneration.
   SH:        It affects your SH (+5).
 l - a ring of protection from fire (left paw)
 n - a ring of magical power
 p - an amulet of regeneration
 s - the ring "Noequ" {Wiz rCorr Dex+2}
   (You found it on level 3 of the Lair of Beasts)

   [ring of wizardry]

   It improves your spell success rate.
   Dex:       It affects your dexterity (+2).
   rCorr:     It protects you from acid and corrosion.
 t - the amulet "Qezosaqe" {Acrobat rCorr}
   (You found it on level 3 of the Dungeon)

   [amulet of the acrobat]

   It increases your evasion while moving and waiting.
   rCorr:     It protects you from acid and corrosion.
 u - an amulet of reflection
 w - a +4 ring of protection
 x - a ring of flight
 I - a ring of wizardry
 J - a ring of protection from cold (right paw)
Wands
 k - a wand of iceblast (37)
 A - a wand of polymorph (6)
 F - a wand of flame (28)
 K - a wand of mindburst (21)
 R - a wand of paralysis (5)
Scrolls
 f - a scroll of vulnerability
 g - a scroll of butterflies
 i - 3 scrolls of teleportation
 j - 4 scrolls of amnesia
 q - 2 scrolls of magic mapping
 r - 3 scrolls of fear
 y - a scroll of blinking
 z - 10 scrolls of identify
 B - a scroll of noise
 G - a scroll of brand weapon
 N - 2 scrolls of immolation
 Q - a scroll of silence
Potions
 b - 5 potions of mutation
 d - 3 potions of invisibility {unknown}
 e - 5 potions of degeneration
 h - 2 potions of might {unknown}
 m - 2 potions of resistance {unknown}
 o - 2 potions of attraction {unknown}
 v - 3 potions of brilliance {unknown}
 C - a potion of cancellation {unknown}
 D - 9 potions of curing
 E - 8 potions of flight {unknown}
 H - a potion of experience {unknown}
 L - 3 potions of haste
 M - 3 potions of lignification
 O - a potion of ambrosia {unknown}
 P - a potion of heal wounds


   Skills:
 + Level 12.5 Fighting
 + Level 16.2 Dodging
 - Level 2.9 Stealth
 + Level 13.4 Spellcasting
 + Level 11.4 Conjurations
 - Level 1.3 Transmutations
 + Level 11.7 Earth Magic


You couldn't memorise any spells.
You knew the following spells:

 Your Spells              Type           Power      Damage    Failure   Level
a - Sandblast             Erth           100%       2d20      1%          1
b - Stone Arrow           Conj/Erth      100%       3d13      1%          3
c - Iron Shot             Conj/Erth      32%        9d7       1%          6
d - Blink                 Tloc           32%        N/A       5%          2
e - Petrify               Tmut/Erth      47%        N/A       2%          4
f - Yara's Violent Unrav  Hex/Tmut       9%         3d6       21%         5
g - Passwall              Tmut/Erth      39%        N/A       1%          2
h - Orb of Destruction    Conj           31%        9d10      8%          7
i - Borgnjor's Vile Clut  Necr/Erth      22%        N/A       10%         5
j - Freezing Cloud        Conj/Ice/Air   17%        6-21      6%          5

Your spell library contained the following spells:

 Spells                   Type           Power      Damage    Failure   Level
 Iskenderun's Battlesphe  Conj           63%        2d11      1%          5
 Freeze                   Ice            64%        1d8       1%          1
 Magic Dart               Conj           100%       1d8       1%          1
 Shock                    Conj/Air       100%       1d9       1%          1
 Poisonous Vapours        Pois/Air       32%        N/A       1%          2
 Dazzling Flash           Conj/Hex       86%        N/A       1%          3
 Mephitic Cloud           Conj/Pois/Air  34%        N/A       1%          3
 Hailstorm                Conj/Ice       43%        3d10      1%          4
 Iskenderun's Mystic Bla  Conj/Tloc      43%        2d10      1%          4
 Beastly Appendage        Tmut           44%        N/A       2%          1
 Necrotise                Necr           64%        1d7       3%          1
 Slow                     Hex            64%        N/A       3%          1
 Summon Small Mammal      Summ           64%        N/A       3%          1
 Wereblood                Tmut           22%        N/A       3%          2
 Frozen Ramparts          Ice            32%        1d5       3%          3
 Call Imp                 Summ           16%        N/A       5%          2
 Spider Form              Tmut/Pois      19%        N/A       9%          3
 Confusing Touch          Hex            16%        N/A       11%         3
 Lesser Beckoning         Tloc           16%        N/A       11%         3
 Ozocubu's Armour         Ice            16%        N/A       11%         3
 Swiftness                Air            16%        N/A       11%         3
 Tukima's Dance           Hex            16%        N/A       11%         3
 Vampiric Draining        Necr           16%        2d7       11%         3
 Airstrike                Air            8%         2d(2-18)  11%         4
 Starburst                Conj/Fire      21%        6d7       14%         6
 Animate Dead             Necr           16%        N/A       36%         4
 Corpse Rot               Necr/Pois/Air  16%        N/A       36%         4
 Passage of Golubria      Tloc           16%        N/A       36%         4
 Blade Hands              Tmut           11%        N/A       52%         5
 Agony                    Necr           16%        N/A       71%         5
 Manifold Assault         Tloc           16%        N/A       71%         5
 Metabolic Englaciation   Hex/Ice        8%         N/A       71%         5
 Death Channel            Necr           8%         N/A       99%         6
 Simulacrum               Ice/Necr       8%         N/A       99%         6
 Ozocubu's Refrigeration  Ice            8%         4d9       99%         7
 Shatter                  Erth           32%        3d26*     99%         9
 Disjunction              Tloc           8%         N/A       100%        8
 Chain Lightning          Conj/Air       21%        3d28      100%        9
 Dragon's Call            Summ           8%         N/A       100%        9
 Fire Storm               Conj/Fire      21%        8d6       100%        9
 Polar Vortex             Ice            8%         N/A       100%        9
 Portal Projectile        Hex/Tloc       Unusable   N/A       N/A         3

Dungeon Overview and Level Annotations

Branches:
Dungeon (15/15)            Temple (1/1) D:7            Lair (5/5) D:10
 Shoals (0/4) Lair:3        Snake (0/4) Lair:2        Slime (0/5) Lair:5
    Orc (2/2) D:12            Elf (1/3) Orc:2        Vaults (0/5) D:14
 Depths (0/4) D:15

Altars:
Ashenzari
Cheibriados
Dithmenos
Elyvilon
Fedhas
Gozag
Hepliaklqana
Kikubaaqudgha
Makhleb
Nemelex Xobeh
Okawaru
Qazlal
Ru
Sif Muna
Trog
Uskayaw
Vehumet
Wu Jian
Xom
Yredelemnul
Zin
The Shining One
Jiyva

Shops:
D:6 (   D:8 (   D:9 *

Annotations:
D:4 exclusion: downstairs
D:7 exclusion: downstairs
D:9 exclusion: downstairs
D:10 exclusion: 2 downstairs
D:13 exclusion: downstairs
D:14 Rupert
Lair:2 exclusion: downstairs
Lair:5 1 runed translucent door
Orc:2 3 runed translucent doors, exclusion: 2 upstairs, 112233's ghost, novice FeEE
Elf:1 Azrael


Innate Abilities, Weirdness & Mutations

You have sharp claws.
You have razor-sharp teeth.
You have supernaturally acute eyesight. (SInv)
You cover ground quickly. (Speed+)
Your thick and shaggy fur keeps you warm. (AC +3, rC+)
Your paws help you pounce on unaware monsters.
You are incapable of wielding weapons or throwing items.
You cannot wear armour.
You gain extra lives every three experience levels.


Message History

The blast of sand hits the hell hound!
You kill the hell hound!
Vehumet accepts your kill.
You feel your power returning. The fire elemental misses you.
You closely miss the fire elemental. You bite the fire elemental.
The fire elemental is lightly damaged.
The fire elemental completely misses you.
Unknown command.
You scratch the fire elemental but do no damage.
The fire elemental is lightly damaged.
The fire elemental misses you. The fire elemental hits you.
The fire elemental burns you! You resist.
You scratch the fire elemental but do no damage.
The fire elemental is lightly damaged.
The fire elemental completely misses you.
Casting: Sandblast (safe; 1% risk of failure)
Confirm with . or Enter, or press ? or * to list all spells.
Aiming: Sandblast (safe; 1% risk of failure)
Press: ? - help, Shift-Dir - straight line, f - fire elemental
Aim: a fire elemental (lightly damaged, 82% to hit)
The blast of sand hits the fire elemental!!
The fire elemental is almost destroyed.
The fire elemental hits you. The fire elemental burns you! You resist.
The fire elemental completely misses you.
The fire elemental barely misses you.
Unknown command.
Casting: Sandblast (safe; 1% risk of failure)
Confirm with . or Enter, or press ? or * to list all spells.
Aiming: Sandblast (safe; 1% risk of failure)
Press: ? - help, Shift-Dir - straight line, f/p - fire elemental
Aim: a fire elemental (almost destroyed, 82% to hit)
The blast of sand hits the fire elemental!
You destroy the fire elemental!
Vehumet accepts your kill.
You feel your power returning.
The water elemental is engulfed in blazing flames. x2
The deep elf archer shoots an arrow.
The arrow hits you!!
* * * LOW HITPOINT WARNING * * *
The deep elf archer shoots an arrow.
The arrow hits you!!
You die...

########## . #@.ER☼EE☼# #. ###
#.######†# #. #...# #.#
#○E...... #.#####. #.##.####
.R.°..... #.....#
#......##......... ##..#.#
#.#e##.##......... ##.....##
##.#...............
#.......###.##.>#.##........°
#.##...##...##(.......^......e


You could see Azrael, a deep elf archer (repels missiles), a water elemental and
2 fire elementals.

Vanquished Creatures
  Frances (D:13)
  A fire giant (D:15)
  Snorg (D:10)
  Josephine (D:15)
  7 boulder beetles
  7 hydras
  2 ogre magi
  4 catoblepae
  Erica (D:10)
  8 two-headed ogres
  A dancing weapon (Elf:1)
  2 centaur warriors
  11 death yaks (Lair:5)
  2 tengu warriors
  3 orc high priests (Orc:2)
  A wizard (D:14)
  Pikel (D:8)
  9 deep elf pyromancers
  4 orc knights
  7 deep elf zephyrmancers
  6 manticores
  3 orc sorcerers
  4 ugly things
  4 cyclopes
  6 elephants (Lair:2)
  A merfolk siren (Lair:3)
  A cane toad (shapeshifter) (D:15)
  6 black mambas
  A gargoyle (D:10)
  2 kobold demonologists
  Psyche (D:12)
  8 cane toads
  An unseen horror (D:13)
  4 rime drakes
  4 komodo dragons
  3 trolls
  A polar bear (Lair:5)
  15 slime creatures
  A hornet (D:11)
  34 blink frogs
  2 vampires
  A spriggan (Lair:5)
  2 shadows
  6 wraiths
  4 wyverns
  52 yaks
  6 basilisks
  4 humans
  A fire elemental (Elf:1)
  2 vampire mosquitoes (D:12)
  A steam dragon (D:8)
  4 wargs
  8 nagas (Lair:2)
  5 acid dragons
  3 hell hounds (Elf:1)
  5 water moccasins
  15 orc warriors
  2 black bears
  2 sky beasts (D:8)
  3 ice beasts
  8 ogres
  5 boggarts (D:15)
  3 lemures (D:8)
  7 centaurs
  16 wolves
  5 phantoms
  9 kobold brigands
  5 scorpions
  13 bullfrogs
  9 wights
  3 jellies
  A troll zombie (D:12)
  22 killer bees
  6 howler monkeys
  6 hounds
  A gnoll bouda (D:5)
  12 orc priests
  2 iguanas
  15 orc wizards
  7 ogre zombies (D:12)
  30 gnolls
  8 adders
  2 white imps
  A worm (D:4)
  2 dart slugs
  68 orcs
  4 ball pythons
  6 endoplasms
  8 giant cockroaches
  2 goblins
  11 hobgoblins
  14 jackals
  8 quokkas
  5 bats (D:2)
  5 frilled lizards
  3 goblin skeletons (D:12)
  2 goblin zombies (D:12)
  3 hobgoblin skeletons (D:12)
  5 hobgoblin zombies (D:12)
  34 kobolds
  2 orc skeletons (D:12)
  10 orc zombies (D:12)
  9 rats
  A spectral kobold (D:4)
  A spectral orc (D:6)
707 creatures vanquished.

Vanquished Creatures (collateral kills)
  A hydra (Lair:2)
1 creature vanquished.

Vanquished Creatures (others)
  An orc priest (Orc:2)
  45 fungi
  60 plants
106 creatures vanquished.

Grand Total: 814 creatures vanquished

Notes
Turn   | Place    | Note
-------+----------+-------------------------------------------
     0 | D:1      | 112233 the Felid Earth Elementalist began the quest for the
                  | Orb.
     0 | D:1      | Reached XP level 1. HP: 7/7 MP: 4/4
   501 | D:1      | Reached XP level 2. HP: 11/11 MP: 4/6
   628 | D:1      | Learned a level 2 spell: Passwall
  1743 | D:2      | Reached XP level 3. HP: 14/14 MP: 1/7
  1807 | D:2      | Found a bloodstained altar of Trog.
  2910 | D:3      | Reached XP level 4. HP: 18/18 MP: 6/8
  3066 | D:3      | Learned a level 3 spell: Stone Arrow
  3326 | D:3      | Identified the amulet "Qezosaqe" {Acrobat rCorr}
  3836 | D:3      | You fall into a shaft and drop 2 floors!
  3836 | D:5      | Entered Level 5 of the Dungeon
  3995 | D:5      | Noticed a scorpion
  4006 | D:5      | Killed a scorpion
  4007 | D:5      | Reached skill level 5 in Earth Magic
  4007 | D:5      | Reached XP level 5. HP: 21/21 MP: 3/9
  4191 | D:5      | Noticed an ogre
  4222 | D:4      | Noticed a black bear
  4228 | D:4      | Killed a black bear
  4522 | D:4      | Gained mutation: You are covered in thick fur. (AC +2)
                  | [Felid growth]
  4522 | D:4      | Reached XP level 6. HP: 14/24 MP: 7/11
  5188 | D:4      | Found a hazy altar of Hepliaklqana.
  5687 | D:5      | Reached XP level 7. HP: 27/27 MP: 10/14
  5791 | D:5      | Learned a level 2 spell: Blink
  6308 | D:5      | Reached skill level 5 in Spellcasting
  6492 | D:5      | Reached XP level 8. HP: 31/31 MP: 9/17
  8417 | D:6      | Reached XP level 9. HP: 34/34 MP: 13/20
  8422 | D:6      | Learned a level 4 spell: Petrify
  8530 | D:6      | Reached skill level 3 in Dodging
  8749 | D:6      | Reached skill level 1 in Fighting
  8812 | D:6      | Found Fietzeps's Weapon Shoppe.
  8871 | D:6      | Found a basalt altar of Yredelemnul.
  9206 | D:7      | Reached skill level 1 in Conjurations
  9382 | D:7      | Identified the +3 war axe of Inference {vorpal, Drain rPois
                  | Str+9 Dex-4}
 10147 | D:7      | Found a shimmering altar of Xom.
 10154 | D:7      | Found a stormy altar of Qazlal.
 10154 | D:7      | Found a shimmering blue altar of Sif Muna.
 10216 | D:7      | Found a staircase to the Ecumenical Temple.
 10226 | Temple   | Entered the Ecumenical Temple
 10281 | Temple   | Became a worshipper of Vehumet
 10578 | D:8      | Noticed Pikel
 10602 | D:8      | Reached skill level 4 in Dodging
 11162 | D:8      | Found Mili's Antique Weapon Emporium.
 11206 | D:8      | Found an opulent altar of Gozag.
 11253 | D:8      | Killed Pikel
 11464 | D:8      | Reached skill level 5 in Dodging
 12110 | D:8      | Reached * piety under Vehumet
 12110 | D:8      | Offered knowledge of Foxfire by Vehumet.
 12111 | D:8      | Reached XP level 10. HP: 42/42 MP: 13/23
 12406 | D:8      | Found a hide-covered altar of Uskayaw.
 12818 | D:9      | Reached skill level 6 in Dodging
 13359 | D:9      | Found Seumif Cara's Fire Supplies.
 13403 | D:9      | Offered knowledge of Shock by Vehumet.
 13407 | D:9      | Reached ** piety under Vehumet
 13893 | D:10     | Entered Level 10 of the Dungeon
 13896 | D:10     | Found a staircase to the Lair.
 13897 | D:10     | Noticed Erica
 13910 | D:9      | Reached skill level 7 in Dodging
 14274 | D:10     | Reached skill level 5 in Fighting
 14510 | Lair:1   | Entered Level 1 of the Lair of Beasts
 14708 | Lair:1   | Reached skill level 8 in Dodging
 14708 | Lair:1   | Reached skill level 5 in Conjurations
 15097 | Lair:1   | Noticed a cane toad
 15099 | Lair:1   | Killed a cane toad
 15100 | Lair:1   | Reached XP level 11. HP: 48/48 MP: 20/25
 15205 | Lair:1   | Noticed an eight-headed hydra
 15212 | Lair:1   | HP: 1/48 [eight-headed hydra (4)]
 15213 | Lair:1   | Killed an eight-headed hydra
 16742 | Lair:2   | Reached skill level 9 in Dodging
 16805 | Lair:2   | Found a shadowy altar of Dithmenos.
 16895 | Lair:2   | Offered knowledge of Static Discharge by Vehumet.
 17044 | Lair:2   | Noticed a five-headed hydra
 17058 | Lair:2   | Killed a five-headed hydra
 17343 | Lair:2   | Reached skill level 10 in Earth Magic
 17348 | Lair:2   | Reached *** piety under Vehumet
 17409 | Lair:2   | Found a staircase to the Snake Pit.
 17578 | Lair:2   | Noticed a catoblepas
 17839 | Lair:2   | Killed a catoblepas
 17840 | Lair:2   | Reached skill level 10 in Dodging
 18131 | Lair:2   | Identified a scroll of acquirement
 18133 | Lair:2   | Acquired the amulet of Hani Qenn {Reflect rN+ Regen+ Str+3
                  | Dex-5 SH+5}
 18406 | Lair:2   | Reached skill level 10 in Spellcasting
 18406 | Lair:2   | Gained mutation: Your thick and shaggy fur keeps you warm.
                  | (AC +3, rC+) [Felid growth]
 18406 | Lair:2   | Reached XP level 12. HP: 53/54 MP: 11/27
 18905 | Lair:2   | Offered knowledge of Fulminant Prism by Vehumet.
 19889 | Lair:3   | Reached skill level 11 in Dodging
 19895 | Lair:3   | Reached **** piety under Vehumet
 20094 | Lair:3   | Offered knowledge of Fireball by Vehumet.
 20449 | Lair:3   | Noticed a six-headed hydra
 20454 | Lair:3   | Killed a six-headed hydra
 20855 | Lair:3   | Identified the ring "Noequ" {Wiz rCorr Dex+2}
 20879 | Lair:3   | Noticed a five-headed hydra
 21163 | Lair:3   | Killed a five-headed hydra
 21347 | Lair:3   | Found a staircase to the Shoals.
 21619 | Lair:4   | Reached XP level 13. HP: 60/60 MP: 5/28
 21906 | Lair:4   | Reached skill level 12 in Dodging
 22336 | Lair:4   | Reached ***** piety under Vehumet
 22425 | Lair:4   | Offered knowledge of Yara's Violent Unravelling by Vehumet.
 22567 | Lair:3   | Learned a level 5 spell: Yara's Violent Unravelling
 22996 | Lair:5   | Entered Level 5 of the Lair of Beasts
 23414 | D:10     | Killed Erica
 23815 | D:10     | Noticed Snorg
 24589 | D:11     | Acquired a book of Spectacle
 24591 | D:11     | Acquired 994 gold pieces
 25818 | D:11     | Reached skill level 13 in Dodging
 26095 | D:12     | Got the Vellum of Sand
 26318 | D:12     | Got Bozeciwn's Volume of Axaxaxas mlö
 26325 | D:12     | Got the Spellbook of Dhcmrlchtdj
 26333 | D:12     | Learned a level 6 spell: Iron Shot
 26380 | D:12     | Reached skill level 10 in Fighting
 26533 | D:12     | Noticed Psyche
 26537 | D:12     | Killed Psyche
 27393 | D:12     | Found a staircase to the Orcish Mines.
 28897 | Orc:1    | Entered Level 1 of the Orcish Mines
 29168 | Orc:2    | Entered Level 2 of the Orcish Mines
 29341 | Orc:2    | Found a staircase to the Elven Halls.
 29407 | Orc:2    | Found a runed translucent gate.
 29407 | Orc:2    | Found a runed translucent gate.
 29407 | Orc:2    | Found a runed translucent gate.
 29407 | Orc:2    | Noticed a minotaur
 29510 | Orc:2    | Noticed 112233's ghost (novice FeEE)
 29762 | Orc:2    | Identified the ring of Dopiaba {Fly MP+9}
 30216 | Elf:1    | Entered Level 1 of the Elven Halls
 30426 | Orc:2    | Reached XP level 14. HP: 66/66 MP: 21/30
 31155 | Orc:2    | Paralysed by an orc sorcerer for 5 turns
 31359 | Orc:2    | Offered knowledge of Orb of Destruction by Vehumet.
 31377 | Orc:2    | Learned a level 7 spell: Orb of Destruction
 31817 | D:13     | Noticed Frances
 32168 | D:13     | Killed Frances
 32409 | D:13     | Reached skill level 14 in Dodging
 33761 | D:14     | Reached skill level 10 in Conjurations
 34056 | D:14     | Found a gate to the Vaults.
 34746 | D:15     | Entered Level 15 of the Dungeon
 34957 | D:15     | Noticed Josephine
 35091 | D:15     | Killed Josephine
 35741 | D:14     | Noticed Rupert
 36399 | D:14     | Reached skill level 15 in Dodging
 36839 | Lair:5   | Offered knowledge of Conjure Ball Lightning by Vehumet.
 38103 | Lair:5   | Found a runed translucent door.
 38104 | Lair:5   | Found a viscous altar of Jiyva.
 38107 | Lair:5   | Found a staircase to the Slime Pits.
 38218 | Lair:5   | Reached XP level 15. HP: 68/72 MP: 12/32
 40226 | D:10     | Killed Snorg
 41007 | D:14     | Learned a level 5 spell: Borgnjor's Vile Clutch
 41013 | D:14     | Learned a level 5 spell: Freezing Cloud
 41387 | D:14     | Demolished by Rupert
 41388 | D:14     | Reached XP level 14. HP: -20/69 MP: 26/32
 42071 | D:15     | Found a staircase to the Depths.
 42078 | D:15     | Noticed a fire giant
 42082 | D:15     | Killed a fire giant
 42408 | D:15     | Reached skill level 16 in Dodging
 43573 | Elf:1    | Offered knowledge of Iskenderun's Battlesphere by Vehumet.
 43671 | Elf:1    | Shot with an arrow by a deep elf archer
 43672 | Elf:1    | Reached XP level 13. HP: -8/65 MP: 10/31
 43696 | Elf:1    | Noticed Azrael
 43715 | Elf:1    | Shot with an arrow by a deep elf archer

Illustrated notes

Levels and vault maps discovered:
D:1:      dpeg_arrival_castle, layout_basic
D:2:      minmay_general_purpose_star, layout_basic, basic_altar
D:3:      minmay_evil_eye, layout_basic
D:4:      layout_rooms, nicolae_hepliaklqana_monster_ancestors,
          gup_sewer_entry_bubbles, sigmund_army
D:5:      lemuel_castle_with_subvaults [lemuel_castle_interior_carwin_1],
          layout_layer_cave
D:6:      layout_gridville, yredelemnul_forgotten_temple_becter, serial_shops,
          nicolae_stop_n_shop_2, minmay_misc_feat_nine_boxes
D:7:      layout_loops_ring, grunt_temple_overflow_open,
          minmay_temple_entry_statues_pillars
D:8:      kennysheep_six_static_rooms, layout_basic,
          nicolae_uskayaw_dance_studio,
          nicolae_gozag_cash_rules_everything_around_me, serial_shops, shop,
          uniq_pikel
D:9:      layout_rooms, nicolae_shop_fire_sale [nicolae_sub_dead_trees]
D:10:     layout_basic, erik_lair_orcish_takeover, minmay_ruffians, uniq_erica,
          uniq_snorg
D:11:     layout_rooms
D:12:     layout_basic, zombieorc2_lemuel, bh_hangedman_babel_library,
          uniq_psyche
D:13:     layout_loops_cross, uniq_frances
D:14:     layout_irregular_city, david_vaults_2, serial_bayou_pond_b,
          uniq_rupert
D:15:     grunt_enter_depths_giant_problem, layout_gridville,
          hangedman_abyss_or_decor_stagger, uniq_josephine
Temple:   nicolae_temple_no_exploring_needed
Lair:1:   layout_layer_cave
Lair:2:   layout_gridlike, minmay_snake_entry_guardpost_large, basic_altar
Lair:3:   layout_loops_ring, minmay_shoals_entry_lonely_mermaid,
          beast_lair_carwin_9, serial_bayou_shore_b
Lair:4:   layout_cave_pods
Lair:5:   evilmike_catoblepas_cave, layout_cellular_growth, slime_entry_2,
          grunt_forest_large_clearing_hut, grunt_megastairs_4
Orc:1:    layout_caves, dreamdust_deal_with_the_devil, rock_pile
Orc:2:    grunt_orc_tribal_feast, layout_diamond_mine,
          maelrawn_ghost_gauntlet_escape
Elf:1:    minmay_elf_arrival_circle, layout_loops_corners, serial_shops,
          nicolae_lakefront_shop, minmay_elf_sorcery, uniq_donald, uniq_azrael

Skill      XL: |  1  2  3  4  5  6  7  8  9 10 11 12 13 14 15 |
---------------+----------------------------------------------+-----
Earth Magic    | 3 4 5 6 7 8 9 10 11 | 11.7
Spellcasting   | 3 4 5 7 8 9 10 11 12 13 | 13.4
Dodging        | 5 8 10 11 13 16 | 16.2
Fighting       | 3 5 7 8 10 11 12 | 12.5
Conjurations   | 3 5 6 7 9 10 11 | 11.4
Stealth        | |  2.9
Transmutations | |  1.3

Action                   |  1- 3 |  4- 6 |  7- 9 | 10-12 | 13-15 || total
-------------------------+-------+-------+-------+-------+-------++-------
Melee: Unarmed           |       |       |       |     3 |    16 ||    19
       Bite              |       |       |       |       |     3 ||     3
       Punch             |       |       |       |       |     1 ||     1
 Cast: Sandblast         |    70 |    96 |   136 |    69 |   171 ||   542
       Stone Arrow       |       |     1 |   104 |   352 |   254 ||   711
       Passwall          |       |       |     1 |       |       ||     1
       Iron Shot         |       |       |       |       |   362 ||   362
       Petrify           |       |       |       |       |    13 ||    13
       Blink             |       |       |       |       |     1 ||     1
       Yara's Violent Un |       |       |       |       |     1 ||     1
       Orb of Destructio |       |       |       |       |     2 ||     2
Evoke: Wand              |       |       |     1 |       |    39 ||    40
  Use: Scroll            |       |       |       |    15 |    24 ||    39
       Potion            |       |       |       |     1 |     9 ||    10
 Stab: Petrified         |       |       |       |     2 |     3 ||     5
Armor: Skin              |     1 |     2 |     3 |     5 |    23 ||    34
Dodge: Dodged            |    25 |    33 |    62 |   143 |   358 ||   621
Block: Other             |       |       |       |    14 |    88 ||   102
       Reflection        |       |       |       |       |     5 ||     5
